 Dungeon Crawl Stone Soup version 0.26-a0-188-ga22346179c (webtiles) character file.

Game seed: 13245269611133450315

6 Coward the Caller (level 1, -1/7 HPs)
             Began as a Felid Summoner on July 4, 2020.
             Slain by an adder (3 damage)
             ... on level 2 of the Dungeon.
             The game lasted 00:06:22 (485 turns).

Coward the Caller (Felid Summoner)                   Turns: 485, Time: 00:06:23

Health: -1/7       AC:  1    Str:  4    XL:     1   Next: 75%
Magic:  4/4        EV: 18    Int: 16    God:
Gold:   0          SH:  0    Dex: 16    Spells: 3/4 levels left
                                        Lives:  0   Deaths: 0

rFire    . . .     SeeInvis +   (weapon unavailable)
rCold    . . .     Faith    .   (shield unavailable)
rNeg     . . .     Spirit   .   (armour unavailable)
rPois    .         Reflect  .   (helmet unavailable)
rElec    .         Harm     .   (cloak unavailable)
rCorr    .                      (gloves unavailable)
MR       .....                  (boots unavailable)
Stlth    +++.......             (no amulet)
HPRegen  0.02/turn              (no ring)
MPRegen  0.09/turn              (no ring)

@: quick
A: very small, no armour, no weapons or thrown items, stealth, claws 1, fangs 3,
see invisible, carnivore, speed 1, shaggy fur 1, slow metabolism 1, sharp paws
a: no special abilities


You were on level 2 of the Dungeon.
You were not hungry.

You visited 1 branch of the dungeon, and saw 2 of its levels.

Inventory:

Scrolls
 c - 2 scrolls of identify {unknown}
Comestibles
 b - a ration


   Skills:
 + Level 2.6 Dodging
 + Level 2.6 Stealth
 - Level 2.0 Spellcasting
 + Level 4.3 Summonings


You had 3 spell levels left.
You knew the following spells:

 Your Spells              Type           Power        Failure   Level  Hunger
a - Summon Small Mammal   Summ           ###.         3%          1    #......

Your spell library contained the following spells:

 Spells                   Type           Power        Failure   Level  Hunger
 Call Imp                 Summ           ###.....     5%          2    ###....
 Call Canine Familiar     Summ           ###.....     11%         3    ###....
 Summon Guardian Golem    Hex/Summ       #.......     26%         3    ###....
 Summon Ice Beast         Ice/Summ       #.......     63%         4    #####..
 Summon Lightning Spire   Summ/Air       #.......     63%         4    #####..


Dungeon Overview and Level Annotations

Branches:
Dungeon (2/15)

Altars:


Innate Abilities, Weirdness & Mutations

You cannot wear armour.
You are incapable of wielding weapons or throwing items.
Your paws allow you to move quietly. (Stealth)
You have sharp claws.
You have razor-sharp teeth.
You have supernaturally acute eyesight. (SInv)
You are carnivorous and can eat meat at any time.
You cover ground quickly.
You are covered in fur. (AC +1)
You have a slow metabolism.
Your sharp claws are effective at attacking unaware monsters.


Message History

* * * LOW HITPOINT WARNING * * *
The adder closely misses you.
You swap places.
Your quokka closely misses the adder.
The adder bites your quokka.
Your quokka bites the adder.
The adder closely misses your quokka.
Your quokka bites the adder.
The adder bites your quokka.
Your quokka is poisoned.
The adder poisons your quokka!
Your quokka closely misses the adder.
The adder closely misses your quokka.
Your quokka barely misses the adder.
The adder barely misses your quokka. The adder bites your quokka.
Your quokka dies!
Your quokka's corpse disappears in a puff of smoke!
Found a black potion.
A hobgoblin comes into view. It is wielding a +0 club.
A jackal comes into view.
The jackal barks!
The hobgoblin shouts!
The adder closely misses you. The adder bites you.
You die...

>. .. '# .#
####'######
#.........#
#.........#
#..@......#
#.S.......#
#.........#
#.........#
#.........#
##.........#
#g.h#+######
#.#.# #.#.#


You could see an adder, a jackal and a hobgoblin.

Vanquished Creatures (collateral kills)
  A gnoll (D:1)
  A kobold (D:1)
  A bat (D:1)
3 creatures vanquished.

Notes
Turn   | Place    | Note
-------+----------+-------------------------------------------
     0 | D:1      | Coward the Felid Summoner began the quest for the Orb.
     0 | D:1      | Reached XP level 1. HP: 7/7 MP: 4/4
   485 | D:2      | Slain by an adder

Illustrated notes

Levels and vault maps discovered:
D:1:      ebering_hopf_link, layout_basic
D:2:      layout_basic, elyvilon_altar_1

Action                   || total
-------------------------++-------
 Cast: Summon Small Mamm ||    20
  Eat: Chunk             ||     2
Dodge: Dodged            ||    20

Table legend:
 A = Non-vault XP
 B = Vault XP
 C = Vault XP percentage of total XP
 D = Non-vault monster count
 E = Vault monster count
 F = Vault count percentage of total count
                 A         B        C        D         E       F
            +---------+---------+-------+---------+---------+-------
      Total |       9 |       0 |   0.0 |       3 |       0 |   0.0
            +---------+---------+-------+---------+---------+-------
        D:1 |       9 |       0 |   0.0 |       3 |       0 |   0.0
            +---------+---------+-------+---------+---------+-------
